 Dungeon Crawl Stone Soup version 0.17-a0-1393-gcb420ff (webtiles) character file.

4986 Volodja the Grappler (level 10, -2/88 HPs)
             Began as a Troll Monk on June 16, 2015.
             Killed from afar by a fire drake (12 damage)
             ... with a blast of flame
             ... on level 9 of the Dungeon.
             The game lasted 00:21:05 (6114 turns).

Volodja the Grappler (Troll Monk)                   Turns: 6114, Time: 00:21:05

Health: -2/88      AC: 11    Str: 21    XL:     10   Next: 29%
Magic:  9/9        EV: 10    Int:  6    God:
Gold:   682        SH:  0    Dex: 15    Spells: 0 memorised, 9 levels left

rFire  + . .     SeeInvis .       - Unarmed
rCold  + . .     Clarity  .     B - +2 robe {rC+ rF+}
rNeg   . . .     SustAt   .     (no shield)
rPois  .         Gourm    +     (helmet restricted)
rElec  .         Spirit   .     (no cloak)
rCorr  .         Warding  .     (gloves unavailable)
rMut   +         Stasis   .     (boots unavailable)
MR     .....                    i - amulet of resist mutation
Stlth  ++........               (no ring)
                                j - +4 ring of protection

@: not resistant to hostile enchantments, unstealthy
A: unfitting armour, claws 3, fast metabolism 3, gourmand, regeneration 2,
shaggy fur 1, tough skin 2
a: no special abilities


You were on level 9 of the Dungeon.
You were full.

You visited 1 branch of the dungeon, and saw 9 of its levels.

You collected 682 gold pieces.

Inventory:

Hand weapons
 a - a +0 blowgun
Missiles
 v - 36 poisoned needles
Armour
 B - a +2 robe of resistance (worn)
 D - a +2 robe of magic resistance
Magical staves
 G - an uncursed staff of summoning
Jewellery
 i - an amulet of resist mutation (around neck)
 j - a +4 ring of protection (left claw)
 n - an uncursed ring of teleportation
 w - a +4 ring of strength {unknown}
 F - an uncursed ring of fire
Magical devices
 x - a wand of random effects (12)
 y - a wand of frost (30)
Scrolls
 d - 2 scrolls of identify
 h - a scroll of immolation
 k - 2 scrolls of noise
 l - 2 scrolls of recharging
 o - 5 scrolls of teleportation
 p - a scroll of remove curse
 A - 2 scrolls of fear
Potions
 c - 3 potions of curing
 e - 5 potions of might
 g - a potion of cure mutation
 q - a potion of brilliance
 r - 2 potions of ambrosia
 s - 2 potions of flight
 u - 2 potions of heal wounds
 C - a potion of mutation
 E - a potion of agility
 H - a potion of berserk rage {unknown}
Comestibles
 b - 6 bread rations
 f - 3 beef jerkies
 m - 2 slices of pizza
 t - 7 fruits
 z - 2 meat rations


   Skills:
 - Level 2.4 Fighting
 + Level 10.1 Throwing
 - Level 2.4 Dodging
 - Level 1.1 Stealth
 - Level 11.0 Unarmed Combat


You had 9 spell levels left.
You didn't know any spells.

Dungeon Overview and Level Annotations

Branches:
Dungeon (9/15)             Temple (0/1) D:5
   Lair: D:8-11         Orc: D:9-12

Altars:
Cheibriados
Dithmenos
Elyvilon
Gozag
Kikubaaqudgha
Trog
Xom

Shops:
D:4 %


Innate Abilities, Weirdness & Mutations

You are too large for most types of armour.
You have claws for hands.
Your metabolism is lightning-fast.
You like to eat raw meat.
You heal very quickly.
You are covered in fur (AC +1).
You have very tough skin (AC +2).


Message History

The fire drake bites you but does no damage.
The yak gores you!
You scratch the yak.
The yak is severely wounded.
The yak gores you. The fire drake breathes flames at you.
The blast of flame hits you! You resist.
You claw the yak!
The yak is almost dead.
The yak gores you! The yak closely misses you.
The fire drake bites you but does no damage.
You scratch the yak.
The yak is almost dead.
The yak gores you!
* * * LOW HITPOINT WARNING * * *
The yak gores you!
* * * LOW HITPOINT WARNING * * *
The fire drake breathes flames at you. The blast of flame hits you! You resist.
You die...

.# ##.. ..##...
....... ≈§≈.§≈≈
.....<. §≈≈§≈≈.
.......## .≈≈§≈..
........## .g..§..
.......YY###.#.....
.......@k.#.......?
.#.................
####...#.....#..
##.............
##.#.⌠.⌠.#.#..
#.........#
#.#.....#.#
#...._....#
..#.....#.#


You could see 2 yaks and a fire drake.

Vanquished Creatures
  The ghost of Fluffy the Basher, an experienced GrFi of Okawaru (D:8)
  A manticore (D:8)
  2 two-headed ogres (D:8)
  Sigmund (D:5)
  A yak (D:9)
  A hungry ghost (D:8)
  Duvessa (D:5)
  4 black bears
  An orc warrior (D:8)
  6 centaurs
  A phantom (D:7)
  An ice beast (D:8)
  2 ogres
  4 giant frogs
  Dowan (D:5)
  6 scorpions
  A water moccasin skeleton (D:8)
  5 wights
  A quasit (D:9)
  2 crimson imps
  An iguana (D:3)
  A giant frog skeleton (D:7)
  6 hounds
  7 orc wizards
  5 worker ants
  A killer bee zombie (D:5)
  2 hound zombies
  A hound skeleton (D:6)
  A gnoll (D:8)
  2 worker ant zombies (D:6)
  13 adders
  A shadow imp (D:6)
  An ooze (D:4)
  3 adder zombies
  3 worms
  31 orcs
  18 bats
  A bat skeleton (D:8)
  2 giant cockroaches
  7 goblins
  14 hobgoblins
  A jackal (D:8)
  2 ball pythons
  5 giant geckos
  A giant gecko zombie (D:6)
  3 giant newts
  13 kobolds
  4 quokkas
  12 rats
  A fungus (D:4)
206 creatures vanquished.

Vanquished Creatures (others)
  A fungus (D:4)
1 creature vanquished.

Grand Total: 207 creatures vanquished

Notes
Turn   | Place    | Note
--------------------------------------------------------------
     0 | D:1      | Volodja the Troll Monk began the quest for the Orb.
     0 | D:1      | Reached XP level 1. HP: 22/22 MP: 0/0
   179 | D:1      | Reached XP level 2. HP: 29/29 MP: 1/1
  1186 | D:2      | Reached skill level 5 in Unarmed Combat
  1190 | D:2      | Reached XP level 3. HP: 36/36 MP: 2/2
  1670 | D:3      | Found a snail-covered altar of Cheibriados.
  1815 | D:3      | Reached XP level 4. HP: 37/44 MP: 3/3
  1940 | D:3      | Found a faded altar to an unknown god.
  2068 | D:3      | Found a shadowy altar of Dithmenos.
  2303 | D:4      | Reached skill level 6 in Unarmed Combat
  2505 | D:4      | Reached XP level 5. HP: 39/50 MP: 4/4
  2521 | D:4      | Reached skill level 7 in Unarmed Combat
  2524 | D:4      | Reached XP level 6. HP: 35/59 MP: 5/5
  2867 | D:4      | Found Zusayh's Food Emporium.
  3021 | D:5      | Entered Level 5 of the Dungeon
  3043 | D:5      | Found an ancient bone altar of Kikubaaqudgha.
  3183 | D:5      | Found a staircase to the Ecumenical Temple.
  3224 | D:5      | Noticed Sigmund
  3236 | D:5      | Killed Sigmund
  3236 | D:5      | Reached skill level 8 in Unarmed Combat
  3236 | D:5      | Reached XP level 7. HP: 44/66 MP: 6/6
  3386 | D:5      | Reached skill level 9 in Unarmed Combat
  3483 | D:5      | Noticed Duvessa
  3483 | D:5      | Noticed Dowan
  3504 | D:5      | Killed Duvessa
  3512 | D:5      | Killed Dowan
  3676 | D:6      | Reached skill level 10 in Unarmed Combat
  3695 | D:6      | Found a bloodstained altar of Trog.
  3704 | D:6      | Reached XP level 8. HP: 66/74 MP: 7/7
  3827 | D:6      | Reached skill level 11 in Unarmed Combat
  3910 | D:6      | Reached skill level 1 in Throwing
  3957 | D:6      | Found a shimmering altar of Xom.
  3960 | D:6      | Found an opulent altar of Gozag.
  4520 | D:7      | Reached XP level 9. HP: 38/80 MP: 8/8
  4557 | D:7      | Reached skill level 5 in Throwing
  5419 | D:8      | Noticed Fluffy's ghost (experienced GrFi)
  5467 | D:8      | Noticed a manticore
  5469 | D:8      | Killed Fluffy's ghost
  5618 | D:8      | Reached XP level 10. HP: 72/88 MP: 9/9
  5659 | D:8      | Killed a manticore
  5908 | D:8      | Reached skill level 10 in Throwing
  6090 | D:9      | Found a white marble altar of Elyvilon.
  6114 | D:9      | Killed from afar by a fire drake

Vault maps used:
D:1:      dpeg_arrival_tiny_g, minmay_misc_feat_tiny, kennysheep_minor_cross,
          minmay_misc_feat_four_crosses
D:2:      minivault_27
D:3:      lemuel_crystal_altar, grunt_dithmenos_smoke, ecumenical_altar_2
D:4:      old_forge, serial_shops, nicolae_shop_competitors_out_of_business
D:5:      kiku_gazebo_pond_becter, minmay_temple_entry_poolview, first_bread,
          uniq_duvessa, uniq_sigmund
D:6:      lemuel_round_altar, trog_ov_bears_minmay,
          minmay_misc_feat_more_columns, nicolae_gozag_seed_capital
D:7:      minivault_25
D:8:      wad_guarded_room
D:9:      kennysheep_mini_moat, minmay_lair_entry_lava, david_orc_2,
          grunt_ogre_cave, minmay_crystal_water, elyvilon_altar_5

Action                   |  1- 3 |  4- 6 |  7- 9 | 10-12 || total
-------------------------+-------+-------+-------+-------++-------
Melee: Unarmed           |   114 |   139 |   294 |    50 ||   597
 Fire: Blowgun           |       |       |     9 |     4 ||    13
Throw: Tomahawk          |       |       |     5 |       ||     5
  Use: Scroll            |       |       |    20 |       ||    20
       Potion            |       |       |       |     1 ||     1
 Stab: Sleeping          |     1 |     1 |     3 |       ||     5
  Eat: Chunk             |    22 |    13 |    22 |     1 ||    58
